 Dungeon Crawl Stone Soup version 0.31-a0-472-g43a2ca8e1b (webtiles) character file.

Game seed: 11471103412336702788

942 Ethylacetat the Changeling (level 8, -1/54 HPs)
             Began as an Octopode Shapeshifter on Aug 6, 2023.
             Slain by a water moccasin (10 damage)
             ... on level 6 of the Dungeon.
             The game lasted 00:05:51 (4041 turns).

Ethylacetat the Changeling (Octopode Shapeshifter)  Turns: 4041, Time: 00:05:51

Health: -1/54      AC:  1    Str: 14    XL:     8   Next: 12%
Magic:  8/8        EV: 14    Int: 13    God:
Gold:   282        SH:  5    Dex: 22    Spells: 7/7 levels left

rFire   . . .        r - +7 falchion "Amuisas" {elec, Dex+2}
rCold   . . .        (no shield)
rNeg    . . .        (helmet currently unavailable)
rPois   .            x - amulet of reflection
rElec   +            g - ring of willpower
rCorr   .            v - ring "Eneephua" {rElec Int+2 Dex+6}
SInv    .            (no ring)
Will    +....        (no ring)
Stlth   +++          (no ring)
HPRegen 0.29/turn    (no ring)
MPRegen 0.11/turn    (no ring)
                     (no ring)

%: reflection
@: lethally poisoned (-1 -> -15), beast-form
A: beast (slay +4), almost no armour, amphibious, 8 rings, camouflage 1,
gelatinous body 1, (nimble swimmer 1), tentacles
a: Begin Untransformation


You were on level 6 of the Dungeon.
You were a hulking beast.
You visited 1 branch of the dungeon, and saw 6 of its levels.

You collected 282 gold pieces.

Inventory:

Hand Weapons
 j - a +0 sling
 r - the +7 falchion "Amuisas" (weapon) {elec, Dex+2}
   (You found it on level 3 of the Dungeon)

   Dex:       It affects your dexterity (+2).
Missiles
 B - a throwing net (quivered)
Jewellery
 g - a ring of willpower (left tentacle)
 v - the ring "Eneephua" (right tentacle) {rElec Int+2 Dex+6}
   (You found it on level 4 of the Dungeon)

   [ring of dexterity]

   Int:       It affects your intelligence (+2).
   Dex:       It affects your dexterity (+6).
   rElec:     It insulates you from electricity.
 x - an amulet of reflection (around mantle)
Talismans
 b - a beast talisman (active)
 k - a serpent talisman
Wands
 C - a wand of flame (14)
Scrolls
 c - a scroll of fog {unknown}
 d - 2 scrolls of teleportation {unknown}
 f - 2 scrolls of identify {unknown}
 l - a scroll of amnesia {unknown}
 p - 2 scrolls of vulnerability {unknown}
 t - 3 scrolls of noise {unknown}
 u - a scroll of blinking {unknown}
 y - a scroll of enchant weapon {unknown}
 A - a scroll of brand weapon {unknown}
Potions
 a - 2 potions of lignification
 e - 2 potions of magic
 h - 2 potions of resistance {unknown}
 i - 4 potions of curing {unknown}
 m - 2 potions of brilliance {unknown}
 n - a potion of mutation {unknown}
 o - a potion of invisibility {unknown}
 q - a potion of cancellation {unknown}
 s - a potion of enlightenment {unknown}
 w - a potion of attraction {unknown}
 z - a potion of might {unknown}
 D - a potion of ambrosia {unknown}


   Skills:
 + Level 4.5 Fighting
 + Level 3.5 Long Blades
 - Level 2.0 Dodging
 - Level 3.7 Unarmed Combat
 * Level 6.1 Shapeshifting


You had 7 spell levels left.
You didn't know any spells.
Your spell library contained the following spells:

 Spells                   Type           Power      Damage    Failure   Level
 Apportation              Tloc           0%         N/A       30%         1
 Necrotise                Necr           0%         1d4       30%         1
 Summon Small Mammal      Summ           0%         N/A       30%         1
 Summon Guardian Golem    Hex/Summ       0%         N/A       67%         3
 Orb of Destruction       Conj           0%         9d5       100%        7
 Spellforged Servitor     Conj/Summ      0%         N/A       100%        7


Dungeon Overview and Level Annotations

Branches:
Dungeon (6/15)             Temple (0/1) D:4

Altars:
Hepliaklqana
Qazlal
Vehumet

Shops:
D:3 =   D:6 *


Innate Abilities, Weirdness & Mutations

You are a hulking beast.
Your limbs bulge with bestial killing power. (Slay +4)
You cannot wear most types of armour.
You are amphibious.
You can wear up to eight rings at the same time.
Your skin changes colour to match your surroundings (Stealth+).
Your rubbery body absorbs attacks. (AC +1, EV +1)
((You are camouflaged when in or above water. (Stealth+)))
You have tentacles for arms and can constrict up to eight enemies at once.


Message History

The gnoll barely misses you.
You hit the gnoll but do no damage. Your grab misses the gnoll.
Your squeeze misses the gnoll.
Your attacks no longer feel as feeble.
The gnoll hits you with a +0 club.
You barely miss the gnoll. You grab the gnoll. You constrict the gnoll.
The gnoll barely misses you.
You slash the gnoll!
You squeeze the gnoll, but do no damage.
The gnoll is severely wounded.
You constrict the gnoll.
You kill the gnoll!
You hear the hiss of a distant avalanche of sand.
A water moccasin comes into view.
Found a runed hat.
The water moccasin hisses angrily.
You block the water moccasin's attack. The water moccasin barely misses you.
You slash the water moccasin!
Lightning courses through the water moccasin!
Your grab misses the water moccasin.
The water moccasin is heavily wounded.
The water moccasin bites you.
You are poisoned.
The water moccasin poisons you!
You hit the water moccasin but do no damage.
Your grab misses the water moccasin. Your squeeze misses the water moccasin.
The water moccasin is heavily wounded.
You feel very sick. You block the water moccasin's attack.
The water moccasin closely misses you.
You barely miss the water moccasin. Your grab misses the water moccasin.
The water moccasin is heavily wounded.
You feel sick. The water moccasin bites you.
* * * LOW HITPOINT WARNING * * *
You are lethally poisoned!
The water moccasin poisons you!
It was a potion of magic.
Magic courses through your body.
* * * LOW HITPOINT WARNING * * *
You feel very sick. The water moccasin bites you!
You die...

#..##...###............... ####
##..........##............
...######.........###............
.................## ##.).........
####.............## #...........
##.............# #...........
##..............## ##...)......
##................# #...)......
#..............h..# ##........#
#..............S...# #........#
##.<...............# ##......##
#..........<......# #......#
##.................# ##.....#
#................[# .....#
##.................
#.................. ##........


You could see a water moccasin.

Vanquished Creatures
  Maggie (D:6)
  An ice beast (D:6)
  An ogre (D:5)
  A bullfrog (D:6)
  A gnoll bouda (D:6)
  An orc priest (D:4)
  2 hounds
  A jelly (D:6)
  Ijyb (D:5)
  9 gnolls
  2 adders
  A shadow imp (D:5)
  An ufetubus (D:5)
  2 worms
  5 dart slugs
  17 orcs
  3 ball pythons
  6 bats
  8 endoplasms
  5 giant cockroaches
  12 goblins
  9 hobgoblins
  8 kobolds
  5 quokkas
  7 frilled lizards
  4 rats
114 creatures vanquished.

Vanquished Creatures (others)
  An orc (D:3)
1 creature vanquished.

Grand Total: 115 creatures vanquished

Notes
Turn   | Place    | Note
-------+----------+-------------------------------------------
     0 | D:1      | Ethylacetat the Octopode Shapeshifter began the quest for
                  | the Orb.
     0 | D:1      | Reached XP level 1. HP: 13/13 MP: 1/1
    92 | D:1      | Reached XP level 2. HP: 18/18 MP: 2/2
   343 | D:1      | Reached XP level 3. HP: 21/23 MP: 3/3
  1289 | D:2      | Reached XP level 4. HP: 16/29 MP: 4/4
  1731 | D:3      | Found a radiant altar of Vehumet.
  1750 | D:3      | Found a stormy altar of Qazlal.
  1857 | D:3      | Found a faded altar of an unknown god.
  1887 | D:3      | Reached skill level 4 in Shapeshifting
  1894 | D:3      | Identified the +7 falchion "Amuisas" {elec, Dex+2}
  2027 | D:3      | Identified the +3 chain mail of the Curupira {rPois Str+3
                  | Dex+3}
  2279 | D:3      | Found Kykhazxosio's Jewellery Shoppe.
  2416 | D:4      | Found a hazy altar of Hepliaklqana.
  2539 | D:4      | Reached XP level 5. HP: 35/35 MP: 5/5
  2766 | D:4      | Identified the ring "Eneephua" {rElec Int+2 Dex+6}
  2841 | D:4      | Found a staircase to the Ecumenical Temple.
  3206 | D:5      | Entered Level 5 of the Dungeon
  3236 | D:5      | Reached skill level 1 in Long Blades
  3325 | D:5      | Reached XP level 6. HP: 29/41 MP: 6/6
  3553 | D:5      | Noticed Ijyb
  3561 | D:5      | Killed Ijyb
  3778 | D:5      | You fall into a shaft and drop 1 floor!
  3797 | D:6      | Noticed Maggie
  3806 | D:6      | Killed Maggie
  3807 | D:6      | Reached skill level 5 in Shapeshifting
  3807 | D:6      | Reached XP level 7. HP: 18/47 MP: 7/7
  3967 | D:6      | Found Xueku's Assorted Antiques.
  4019 | D:6      | Reached skill level 6 in Shapeshifting
  4019 | D:6      | Reached XP level 8. HP: 21/54 MP: 8/8
  4041 | D:6      | Slain by a water moccasin

Illustrated notes

Levels and vault maps discovered:
D:1:      kennysheep_arrival_seaside, layout_basic, minmay_misc_feat_x
D:2:      layout_rooms
D:3:      layout_basic, vehumet_crystals, grunt_qazlal_clouds, serial_curves,
          eino_curves_01, eino_curves_02, serial_shops, nicolae_shop_tiny_glass,
          ebering_ecumenical_altar_hall
D:4:      layout_loops_ring, mainiacjoe_overflow_tiny_flanked,
          minmay_temple_entry_poolview, minmay_fractal_squares_diagonal_5
D:5:      layout_loops_ring, uniq_ijyb
D:6:      layout_cave_pods, ashenzari_altar_1, serial_shops, shop,
          enter_ossuary_5, minmay_a_box_with_orc_wizards_in_it, uniq_maggie

Skill      XL: |  1  2  3  4  5  6  7 |
---------------+----------------------+-----
Fighting       | 2 3 4 |  4.5
Shapeshifting  | 4 5 6 |  6.1
Long Blades    | 1 2 3 |  3.5
Dodging        | |  2.0
Unarmed Combat | |  3.7

Action                     |  1- 3 |  4- 6 |  7- 9 || total
---------------------------+-------+-------+-------++-------
  Melee: Unarmed           |    55 |    55 |       ||   110
         Constrict         |    11 |    21 |     3 ||    35
         Tentacles         |     6 |     7 |     5 ||    18
         Punch             |     1 |     2 |     1 ||     4
         Falchion          |       |    56 |    21 ||    77
   Fire: Sling             |     5 |       |       ||     5
  Throw: Throwing net      |       |     1 |       ||     1
  Evoke: Wand              |       |     2 |       ||     2
    Use: Potion            |       |       |     1 ||     1
   Stab: Sleeping          |     6 |     9 |     3 ||    18
         Distracted        |       |     1 |       ||     1
 Armour: Skin              |     5 |    25 |     1 ||    31
  Dodge: Dodged            |    27 |    51 |    10 ||    88
  Block: Other             |       |     5 |     6 ||    11
   Form: Anaconda          |     1 |       |       ||     1
         Beast             |       |     1 |       ||     1

Table legend: (Time is in decaauts)
 A = Elapsed time spent in this place.
 B = Non-inter-level travel time spent in this place.
 C = Inter-level travel time spent in this place.
 D = Time resting spent in this place.
 E = Time spent auto-exploring this place.
 F = Levels seen in this place.
 G = Mean time per level.
                   A        B        C        D        E       F      G
               +--------+--------+--------+--------+--------+-----+--------+
         Total |   4050 |   3876 |    174 |      0 |   3163 |   6 |  675.0 |
       Dungeon |   4050 |   3876 |    174 |      0 |   3163 |   6 |  675.0 |
               +--------+--------+--------+--------+--------+-----+--------+

Top non-repeatable levels by time:
     D:1: 1155 daAuts
     D:4: 796 daAuts
     D:3: 774 daAuts
     D:5: 575 daAuts
     D:2: 482 daAuts
     D:6: 266 daAuts
